 Dungeon Crawl Stone Soup version 0.23-a0-584-g44dd78f (webtiles) character file.

37307 ohad the Severer (level 13, -10/99 (100) HPs)
             Began as a Hill Orc Gladiator on Dec 17, 2018.
             Was a High Priest of Makhleb.
             Mangled by a spiny frog (13 damage)
             ... on level 6 of the Lair of Beasts.
             The game lasted 00:45:56 (15510 turns).

ohad the Severer (Hill Orc Gladiator)              Turns: 15510, Time: 00:45:56

HP:   -10/99 (100)  AC: 19    Str: 27    XL:     13   Next: 95%
MP:   23/23         EV: 12    Int: 14    God:    Makhleb [*****.]
Gold: 656           SH:  0    Dex: 16    Spells: 12/12 levels left

rFire    . . .     SeeInvis .   F - +3 executioner's axe "Orc's Death" {elec, Fragile Str+4 Int+6}
rCold    . . .     Gourm    +   (shield currently unavailable)
rNeg     . . .     Faith    .   S - +0 plate armour
rPois    .         Spirit   .   U - +0 hat {MR+}
rElec    .         Reflect  .   t - +0 cloak {MR+}
rCorr    .         Harm     .   T - +0 pair of gloves
MR       ++...                  (no boots)
Stlth    ..........             m - amulet of the gourmand
HPRegen  0.26/turn              p - +2 ring of protection
MPRegen  0.18/turn              O - +5 ring of strength

@: lethally poisoned (-10 -> -30), drained
A: no striking features
a: Minor Destruction, Lesser Servant of Makhleb, Major Destruction, Greater
Servant of Makhleb, Renounce Religion


You were on level 6 of the Lair of Beasts.
You worshipped Makhleb.
Makhleb was extremely pleased with you.
You were very full.

You visited 2 branches of the dungeon, and saw 18 of its levels.

You collected 1006 gold pieces.
You spent 350 gold pieces at shops.

Inventory:

Hand Weapons
 u - a +0 broad axe
 z - a +5 eveningstar of venom
 C - a +0 blowgun
 F - the +3 executioner's axe "Orc's Death" (weapon) {elec, Fragile Str+4 Int+6}
   (You acquired it on level 5 of the Lair of Beasts)

   Occasionally, upon striking a foe, it will discharge some electrical energy
   and cause terrible harm.
   It affects your strength (+4).
   It affects your intelligence (+6).
   It will be destroyed if unequipped.
 L - the +5 long sword of Birug {flame, rElec MR- Int+5 SInv}
   (You found it on level 5 of the Dungeon)

   It has been specially enchanted to burn those struck by it, causing extra
   injury to most foes and up to half again as much damage against particularly
   susceptible opponents.
   Big, fiery blades are also staple armaments of hydra-hunters.
   It affects your intelligence (+5).
   It insulates you from electricity.
   It affects your resistance to hostile enchantments.
   It lets you see invisible.
 M - a +1 war axe of electrocution
 R - a +3 whip of distortion
 V - a +0 battleaxe
Missiles
 v - 87 bolts
 D - 82 poisoned needles
 J - 4 steel javelins (quivered)
 Z - 3 throwing nets
Armour
 t - a +0 cloak of magic resistance (worn)
 E - a +0 chain mail
 K - the +0 buckler "Ehaat" {*Drain Regen+ Dex+6}
   (You found it on level 5 of the Dungeon)

   It affects your dexterity (+6).
   It increases your rate of regeneration.
   It causes draining when unequipped.
 S - a +0 plate armour (worn)
 T - a +0 pair of gloves (worn)
 U - a +0 hat of magic resistance (worn)
Jewellery
 e - an uncursed ring of see invisible
 m - an amulet of the gourmand (around neck)
 p - a +2 ring of protection (left hand)
 s - a +2 ring of protection
 I - an uncursed ring of ice
 O - a +5 ring of strength (right hand)
Wands
 r - a wand of digging (8)
 x - a wand of clouds (5)
 Q - a wand of disintegration (15)
Scrolls
 d - a scroll of summoning
 k - 2 scrolls of fog
 o - 2 scrolls of blinking {unknown}
 q - 2 scrolls of fear
 y - 10 scrolls of teleportation
 A - a scroll of immolation
 B - 2 scrolls of holy word
 G - a scroll of amnesia
 H - 2 scrolls of remove curse
 Y - 2 scrolls of magic mapping {unknown}
Potions
 a - 2 potions of berserk rage
 b - a potion of resistance
 c - 2 potions of agility
 h - a potion of flight
 i - 3 potions of invisibility
 j - 3 potions of lignification
 l - 2 potions of brilliance
 n - 5 potions of haste
 w - 2 potions of magic
 N - 2 potions of might
 P - 5 potions of curing
 W - 2 potions of heal wounds
Comestibles
 f - 25 rations


   Skills:
 - Level 5.0(4.7) Fighting
 - Level 6.9(6.5) Long Blades
 + Level 17.8(17.3) Axes
 - Level 1.7(1.4) Throwing
 - Level 10.2(9.7) Armour
 - Level 7.7(7.3) Dodging
 - Level 5.2(4.9) Shields
 - Level 13.5(13.1) Invocations


You had 12 spell levels left.
You didn't know any spells.
Your spell library contained the following spells:

 Spells                   Type           Power        Failure   Level  Hunger
 Magic Dart               Conj           #...         95%         1    ##.....
 Shock                    Conj/Air       #...         95%         1    ##.....
 Sting                    Conj/Pois      #...         95%         1    ##.....
 Blink                    Tloc           N/A          98%         2    ###....
 Call Imp                 Summ           #.......     98%         2    ###....
 Passwall                 Tmut/Erth      #.......     98%         2    ###....
 Poisonous Vapours        Pois/Air       #.....       98%         2    ###....
 Slow                     Hex            #.......     98%         2    ###....
 Swiftness                Chrm/Air       #.......     98%         2    ###....
 Conjure Flame            Conj/Fire      #.......     100%        3    ####...
 Mephitic Cloud           Conj/Pois/Air  #.......     100%        3    ####...
 Static Discharge         Conj/Air       #.......     100%        3    ####...
 Airstrike                Air            #.........   100%        4    #####..
 Olgreb's Toxic Radiance  Pois           #.......     100%        4    #####..
 Passage of Golubria      Tloc           N/A          100%        4    #####..
 Lee's Rapid Deconstruct  Erth           #.........   100%        5    ######.
 Lightning Bolt           Conj/Air       #.........   100%        5    ######.
 Venom Bolt               Conj/Pois      #.........   100%        5    ######.
 Darkness                 Hex            #.........   100%        6    #######
 Invisibility             Hex            #.......     100%        6    #######


Dungeon Overview and Level Annotations

Branches:
Dungeon (12/15)            Temple (0/1) D:7            Lair (6/6) D:11
  Swamp (0/4) Lair:4        Snake (0/4) Lair:2          Orc (0/2) D:10
  Slime: Lair:5-6

Altars:
Cheibriados
Dithmenos
Fedhas
Hepliaklqana
Kikubaaqudgha
Makhleb
Nemelex Xobeh
Ru
Sif Muna
Trog
Uskayaw
Wu Jian
Yredelemnul
The Shining One

Shops:
D:9 !   D:10 =

Portals:
Trove: D:12 (give +7 demon trident)

Annotations:
Lair:2 exclusion: 3 oklob plants
Lair:4 3 runed doors, Atiagead's ghost, adept DrCj


Message History

You slice the spiny frog!!
The spiny frog is heavily wounded.
You hit the spiny frog but do no damage.
Lightning courses through the spiny frog!
You kill the spiny frog!
Makhleb accepts your kill.
You feel better.
You feel sick.
The blink frog blinks! x3
The spiny frog stings you but does no damage.
The blink frog blinks!
The blink frog barely misses you.
You slash the spiny frog!
The spiny frog is severely wounded.
You miss the blink frog. You closely miss the spiny frog.
You feel sick. The spiny frog stings you!
* * * LOW HITPOINT WARNING * * *
You are lethally poisoned!
The spiny frog poisons you! The spiny frog closely misses you.
The blink frog blinks!
The blink frog hits you!
* * * LOW HITPOINT WARNING * * *
The spiny frog stings you!
You die...

# #. #.. #..# #### .#..#
###..##### ≈
#..P.###.#....#.####F...
......<........F@FFFFF..
..<....†.......##FF###..
..............## ###
..............#
...........(.#.#
..............##
..............#
..P......##..#.
...##....# ...


You could see 2 spiny frogs, 5 blink frogs and 2 bullfrogs.

Vanquished Creatures
  Gastronok (D:8)
  Fannar (D:11)
  3 hydras
  Harold (D:9)
  A catoblepas (Lair:4)
  Erica (D:9)
  A two-headed ogre (D:10)
  Urug (D:11)
  Nergalle (Lair:2)
  Pikel (D:9)
  An ugly thing (D:11)
  A cyclops (D:12)
  Psyche (D:9)
  3 elephants (Lair:4)
  A black mamba (Lair:5)
  10 spiny frogs
  3 rime drakes
  3 komodo dragons
  A polar bear (Lair:4)
  12 blink frogs
  7 hippogriffs
  A bog body (Lair:4)
  A wraith (D:10)
  39 yaks
  2 wyverns (D:11)
  2 basilisks (Lair:2)
  3 vampire mosquitoes
  Menkaure (D:5)
  A naga (Lair:2)
  14 water moccasins
  3 swamp worms (Lair:4)
  10 porcupines
  2 slaves (D:9)
  3 ice beasts
  4 sky beasts
  4 orc warriors
  A black bear (D:10)
  3 phantoms
  A centaur (D:6)
  13 wolves
  5 ogres
  5 necrophages
  13 crocodiles
  2 big kobolds (D:10)
  16 bullfrogs
  8 scorpions
  11 killer bees
  3 electric eels
  8 crimson imps
  4 howler monkeys
  A bullfrog zombie (D:5)
  5 orc priests
  2 bullfrog skeletons
  3 hounds
  3 centaur skeletons
  2 centaur zombies
  2 jellies
  9 orc wizards
  Crazy Yiuf (D:2)
  3 iguanas
  8 worker ants
  Natasha (thrice) (D:4)
  A killer bee zombie (D:8)
  A hound zombie (D:11)
  A hound skeleton (D:6)
  A worker ant zombie (D:6)
  12 gnolls
  13 adders
  A river rat (D:3)
  4 shadow imps
  An ooze (D:2)
  An adder zombie (D:6)
  2 adder skeletons
  3 worms (D:2)
  A dart slug (D:2)
  8 leopard geckos
  41 orcs
  9 bats
  8 giant cockroaches
  13 goblins
  7 hobgoblins
  11 jackals
  14 kobolds
  3 quokkas
  6 frilled lizards
  3 goblin skeletons (D:7)
  2 goblin zombies (D:7)
  A jackal zombie (D:5)
  3 kobold skeletons (D:7)
  A kobold zombie (D:7)
  An orc skeleton (D:7)
  2 orc zombies (D:7)
  3 quokka zombies
  13 rats
  10 fungi (D:11)
  5 plants
486 creatures vanquished.

Vanquished Creatures (collateral kills)
  A yak (D:11)
1 creature vanquished.

Vanquished Creatures (others)
  7 fungi
  9 plants
16 creatures vanquished.

Grand Total: 503 creatures vanquished

Notes
Turn   | Place    | Note
-------+----------+-------------------------------------------
     0 | D:1      | ohad the Hill Orc Gladiator began the quest for the Orb.
     0 | D:1      | Reached XP level 1. HP: 18/18 MP: 1/1
    45 | D:1      | Reached skill level 5 in Axes
    45 | D:1      | Reached XP level 2. HP: 9/25 MP: 2/2
   328 | D:1      | Reached XP level 3. HP: 24/30 MP: 3/3
   741 | D:2      | Reached skill level 6 in Axes
   752 | D:2      | Found an ornate altar of the Wu Jian Council.
   868 | D:2      | Found a runed door.
   902 | D:2      | Noticed Crazy Yiuf
   906 | D:2      | Killed Crazy Yiuf
   906 | D:2      | Reached XP level 4. HP: 25/37 MP: 4/4
  1467 | D:2      | Reached skill level 7 in Axes
  1882 | D:3      | Noticed a sky beast
  1888 | D:3      | Killed a sky beast
  1888 | D:3      | Reached skill level 8 in Axes
  1888 | D:3      | Reached XP level 5. HP: 15/42 MP: 5/5
  2192 | D:3      | Reached XP level 6. HP: 22/50 MP: 6/6
  2605 | D:3      | Reached skill level 9 in Axes
  3510 | D:4      | Reached skill level 10 in Axes
  3510 | D:4      | Reached XP level 7. HP: 56/56 MP: 7/7
  3560 | D:4      | Noticed Natasha
  3572 | D:4      | Killed Natasha
  3646 | D:4      | Found a burning altar of Makhleb.
  3665 | D:4      | Noticed a balrug
  3669 | D:4      | Noticed an orange demon
  3669 | D:4      | Noticed a ynoxinul
  3671 | D:4      | Became a worshipper of Makhleb the Destroyer
  3825 | D:4      | Found a deep blue altar of Sif Muna.
  3825 | D:4      | Found a burning altar of Makhleb.
  3831 | D:4      | Found a basalt altar of Yredelemnul.
  3833 | D:4      | Found a faded altar of an unknown god.
  3835 | D:4      | Found a faded altar of an unknown god.
  3911 | D:4      | Noticed Natasha
  3920 | D:4      | Killed Natasha
  3936 | D:4      | Noticed Natasha
  3940 | D:4      | Killed Natasha
  3977 | D:5      | Entered Level 5 of the Dungeon
  3987 | D:5      | Reached skill level 11 in Axes
  4356 | D:5      | Reached XP level 8. HP: 43/62 MP: 8/8
  4400 | D:5      | Noticed Menkaure
  4406 | D:5      | Killed Menkaure
  4406 | D:5      | Reached skill level 12 in Axes
  4670 | D:5      | Got a distressingly furry buckler
  4676 | D:5      | Identified the +0 buckler "Ehaat" {*Drain Regen+ Dex+6}
                  | (You found it on level 5 of the Dungeon)
  4793 | D:5      | Found a bloodstained altar of Trog.
  4830 | D:5      | Got an ichor-stained long sword
  4892 | D:5      | Reached skill level 1 in Shields
  4966 | D:5      | Found a hide-covered altar of Uskayaw.
  4966 | D:5      | Found a shadowy altar of Dithmenos.
  5143 | D:6      | Reached skill level 13 in Axes
  5155 | D:6      | Reached XP level 9. HP: 54/68 MP: 9/9
  5224 | D:6      | Reached * piety under Makhleb
  5226 | D:6      | Reached skill level 14 in Axes
  5353 | D:6      | Found a snail-covered altar of Cheibriados.
  5390 | D:6      | Reached skill level 1 in Armour
  5499 | D:6      | Found an ancient bone altar of Kikubaaqudgha.
  5526 | D:6      | Found a hazy altar of Hepliaklqana.
  5991 | D:7      | Reached skill level 5 in Armour
  6073 | D:7      | Found a sacrificial altar of Ru.
  6140 | D:7      | Reached ** piety under Makhleb
  6373 | D:7      | Found a glowing golden altar of the Shining One.
  6456 | D:7      | Found a blossoming altar of Fedhas.
  6649 | D:7      | Found a staircase to the Ecumenical Temple.
  6707 | D:8      | Reached skill level 5 in Dodging
  6707 | D:8      | Reached XP level 10. HP: 39/74 MP: 10/10
  7028 | D:8      | Reached skill level 5 in Fighting
  7055 | D:8      | Found a bloodstained altar of Trog.
  7351 | D:8      | Noticed Gastronok
  7370 | D:8      | Killed Gastronok
  7370 | D:8      | Reached *** piety under Makhleb
  7370 | D:8      | Reached skill level 15 in Axes
  7422 | D:8      | Reached skill level 16 in Axes
  7684 | D:8      | Found a sparkling altar of Nemelex Xobeh.
  8011 | D:9      | Noticed Pikel
  8024 | D:9      | Killed Pikel
  8024 | D:9      | Reached XP level 11. HP: 82/86 MP: 11/11
  8064 | D:9      | Reached skill level 17 in Axes
  8120 | D:9      | Noticed Erica
  8192 | D:9      | Killed Erica
  8279 | D:9      | Noticed Psyche
  8287 | D:9      | Killed Psyche
  8332 | D:9      | Noticed Harold
  8341 | D:9      | Killed Harold
  8620 | D:9      | Found Xogil's Distillery.
  8628 | D:9      | Bought a potion of berserk rage for 80 gold pieces
  8628 | D:9      | Bought a potion of haste for 160 gold pieces
  8629 | D:9      | Identified the +5 long sword of Birug {flame, rElec MR-
                  | Int+5 SInv} (You found it on level 5 of the Dungeon)
  8792 | D:10     | Entered Level 10 of the Dungeon
  8991 | D:10     | Found Luditsie's Jewellery Shoppe.
  8996 | D:10     | Bought a +2 ring of protection for 110 gold pieces
  9007 | D:10     | Reached skill level 5 in Long Blades
  9081 | D:10     | Noticed a two-headed ogre
  9092 | D:10     | Reached **** piety under Makhleb
  9093 | D:10     | Killed a two-headed ogre
  9449 | D:10     | Found a staircase to the Orcish Mines.
  9573 | D:11     | Noticed Fannar
  9597 | D:11     | Killed Fannar
  9612 | D:11     | Found a staircase to the Lair.
  9756 | D:11     | Found a glowing golden altar of the Shining One.
  9776 | D:11     | Got a slimy leather armour
  9783 | D:11     | Noticed Urug
  9799 | D:11     | Killed Urug
  9799 | D:11     | Reached XP level 12. HP: 43/94 MP: 15/15
 10470 | D:12     | Reached skill level 10 in Armour
 10564 | D:12     | Found a portal to a secret trove of treasure.
 10665 | Lair:1   | Entered Level 1 of the Lair of Beasts
 11211 | Lair:1   | Noticed a six-headed hydra
 11219 | Lair:1   | Killed a one-headed hydra
 11219 | Lair:1   | Reached skill level 5 in Shields
 11249 | Lair:1   | Reached ***** piety under Makhleb
 11775 | Lair:2   | Reached skill level 5 in Invocations
 11814 | Lair:2   | Found a staircase to the Snake Pit.
 11862 | Lair:2   | Identified the +1 leather armour of Untruth {MR+ Int+4
                  | Dex+2 Slay+3} (You found it on level 11 of the Dungeon)
 11894 | Lair:2   | Noticed a six-headed hydra
 11918 | Lair:2   | Killed a one-headed hydra
 11918 | Lair:2   | Reached XP level 13. HP: 49/99 MP: 16/18
 12112 | Lair:2   | Noticed Nergalle
 12138 | Lair:2   | Killed Nergalle
 12317 | Lair:2   | Reached skill level 10 in Invocations
 13516 | Lair:4   | Noticed a minotaur
 13520 | Lair:4   | Noticed Atiagead's ghost (adept DrCj)
 13617 | Lair:4   | Found a runed gate.
 13617 | Lair:4   | Found a runed gate.
 13617 | Lair:4   | Found a runed gate.
 14166 | Lair:4   | Found a staircase to the Swamp.
 14680 | Lair:5   | Identified a scroll of acquirement
 14685 | Lair:5   | Got a faintly glowing executioner's axe
 14692 | Lair:5   | Identified the +3 executioner's axe "Orc's Death" {elec,
                  | Fragile Str+4 Int+6} (You acquired it on level 5 of the
                  | Lair of Beasts)
 15473 | Lair:6   | Entered Level 6 of the Lair of Beasts
 15510 | Lair:6   | HP: 3/99 [blink frog (9)]
 15510 | Lair:6   | Mangled by a spiny frog

Vault maps used:
D:1:      dpeg_arrival_rooms_c, chequers_serial_rivers_micro_e,
          dk_noncrumbling_3, nrook_mini_backslash
D:2:      lemuel_coloured_pillars_altar, uniq_crazy_yiuf_cottage
D:3:      minmay_chambers_of_threes, first_ration, gup_sewer_entry_spiral,
          serial_glass, glass_columns_a, glass_columns_a, glass_columns_b,
          glass_columns_a, st_stairs_6, minmay_pentangle
D:4:      chequers_temple_overflow_minitemple, makhleb_altar_promises_db,
          uniq_natasha
D:5:      gammafunk_temple_overflow_statue, hex_intersection,
          trog_three_pillars_becter, uniq_menkaure
D:6:      kennysheep_little_box, kennysheep_mini_moat, cheibriados_altar_1
D:7:      nicolae_tso_besieged_by_evil, fedhas_altar_fruit_tree,
          nicolae_ru_great_annihilating_truth, minmay_temple_entry_fiery
D:8:      marbit_many_paths, lemuel_crystal_altar, uniq_gastronok
D:9:      serial_shops, shop, uniq_pikel, uniq_erica, uniq_psyche, uniq_harold
D:10:     orc_0_dummy, serial_shops, shop, minmay_joined_circles
D:11:     due_lair_maze_entry_diamond, basic_altar, uniq_fannar, uniq_urug
D:12:     trove_entry_hex_spiral
Lair:2:   guppyfry_snake_entry_island, lemuel_old_faithful,
          serial_bayou_shore_b, grunt_megastairs_5, infiniplex_staircase_pool,
          minmay_lair_oklob_chamber, uniq_nergalle
Lair:3:   grunt_megastairs_1, serial_bayou_shore_a
Lair:4:   nicolae_swamp_entry_splash_gauntlet, maelrawn_ghost_gauntlet_escape,
          grunt_megastairs_2
Lair:5:   infiniplex_staircase_pool_2
Lair:6:   minmay_lair_end_frog_pond, dpeg_slime_entry_enclosed_altar

Skill      XL: |  1  2  3  4  5  6  7  8  9 10 11 12 13 |
---------------+----------------------------------------+-----
Axes           | 5 6 8 10 11 13 14 16 17 | 17.8
Shields        | 4 5 |  5.2
Armour         | 5 8 10 | 10.2
Dodging        | 5 7 |  7.7
Fighting       | 5 |  5.0
Invocations    | 4 7 13 | 13.5
Long Blades    | 6 |  6.9
Throwing       | |  1.7

Action                   |  1- 3 |  4- 6 |  7- 9 | 10-12 | 13-15 || total
-------------------------+-------+-------+-------+-------+-------++-------
Melee: War axe           |    81 |   195 |   442 |   392 |   338 ||  1448
       Broad axe         |       |       |       |   169 |       ||   169
       Long sword        |       |       |       |    18 |       ||    18
       Executioner's axe |       |       |       |       |    50 ||    50
 Fire: Blowgun           |       |       |     3 |       |       ||     3
Throw: Throwing net      |       |       |     3 |     6 |       ||     9
       Javelin           |       |       |       |       |     2 ||     2
Invok: Lesser Servant of |       |       |       |     4 |       ||     4
       Greater Servant o |       |       |       |       |     1 ||     1
  Use: Scroll            |       |     4 |     5 |    10 |     5 ||    24
       Potion            |       |       |     2 |     3 |       ||     5
 Stab: Held in net/web   |       |       |     3 |    10 |       ||    13
       Paralysed         |       |       |     1 |       |       ||     1
       Distracted        |       |       |       |     1 |       ||     1
  Eat: Chunk             |       |     9 |     6 |    26 |    11 ||    52
       Ration            |       |       |     1 |     1 |       ||     2
Armor: Leather armour    |    20 |       |       |       |       ||    20
       Ring mail         |     2 |    85 |   114 |     7 |       ||   208
       Chain mail        |       |       |       |   140 |       ||   140
       Plate armour      |       |       |       |    78 |   165 ||   243
Dodge: Dodged            |    54 |   134 |   191 |   224 |   164 ||   767
Block: Buckler           |       |       |    87 |   124 |    60 ||   271
       Rpst.: Long sword |       |       |       |     2 |       ||     2

Table legend:
 A = Non-vault XP
 B = Vault XP
 C = Vault XP percentage of total XP
 D = Non-vault monster count
 E = Vault monster count
 F = Vault count percentage of total count
                 A         B        C        D         E       F
            +---------+---------+-------+---------+---------+-------
      Total |   37447 |   15850 |  29.7 |     381 |      89 |  18.9
            +---------+---------+-------+---------+---------+-------
        D:1 |      56 |       0 |   0.0 |      25 |       0 |   0.0
        D:2 |      43 |      39 |  47.6 |      16 |       1 |   5.9
        D:3 |     320 |      91 |  22.1 |      31 |      26 |  45.6
        D:4 |     272 |      33 |  10.8 |      14 |       1 |   6.7
        D:5 |     523 |     169 |  24.4 |      15 |       1 |   6.2
        D:6 |    1426 |       0 |   0.0 |      37 |       0 |   0.0
        D:7 |    1447 |      32 |   2.2 |      33 |      17 |  34.0
        D:8 |    1885 |    2263 |  54.6 |      28 |       2 |   6.7
        D:9 |     730 |    2891 |  79.8 |      21 |       4 |  16.0
       D:10 |    2420 |     539 |  18.2 |      25 |       5 |  16.7
       D:11 |    2533 |    3042 |  54.6 |      12 |      11 |  47.8
       D:12 |    1147 |       0 |   0.0 |       5 |       0 |   0.0
     Lair:1 |    7824 |       0 |   0.0 |      34 |       0 |   0.0
     Lair:2 |    5156 |    2327 |  31.1 |      26 |       6 |  18.8
     Lair:3 |    2933 |     370 |  11.2 |      18 |       1 |   5.3
     Lair:4 |    3898 |    2231 |  36.4 |      16 |       9 |  36.0
     Lair:5 |    3422 |       0 |   0.0 |      19 |       0 |   0.0
     Lair:6 |    1412 |    1823 |  56.4 |       6 |       5 |  45.5
            +---------+---------+-------+---------+---------+-------
